 Dungeon Crawl Stone Soup version 0.20.1-1-g8b1a95d (webtiles) character file.

399 equalderp2856 the Covered (level 6, -3/55 HPs)
             Began as a Minotaur Fighter on Aug 4, 2017.
             Slain by an ogre
             ... wielding a +0 giant club
              (21 damage)
             ... on level 6 of the Dungeon.
             The game lasted 00:08:36 (4417 turns).

equalderp2856 the Covered (Minotaur Fighter)        Turns: 4417, Time: 00:08:37

Health: -3/55      AC: 10    Str: 20    XL:     6   Next: 54%
Magic:  5/5        EV:  6    Int:  5    God:
Gold:   170        SH: 10    Dex: 12    Spells: 5/5 levels left

rFire    + . .     SeeInvis .   a - +0 war axe
rCold    + . .     Gourm    .   c - +0 shield
rNeg     . . .     Faith    .   u - +0 chain mail
rPois    .         Spirit   .   (helmet restricted)
rElec    .         Reflect  .   m - scarf {rC+ rF+}
rCorr    .         Harm     .   (no gloves)
MR       .....                  (no boots)
Stlth    ..........             (no amulet)
Regen    0.2/turn               (no ring)
MPRegen  0.1/turn               (no ring)

@: no status effects
A: retaliatory headbutt, horns 2
a: no special abilities


You were on level 6 of the Dungeon.
You were not hungry.

You visited 1 branch of the dungeon, and saw 6 of its levels.

You collected 170 gold pieces.

Inventory:

Hand Weapons
 a - a +0 war axe (weapon)
Missiles
 l - 123 bolts
 n - 33 poisoned needles
 o - 39 sling bullets
 p - 161 stones (quivered)
 q - 3 needles of sleeping
 w - 4 needles of paralysis
Armour
 b - a +0 scale mail
 c - a +0 shield (worn)
 m - a scarf of resistance (worn)
 u - a +0 chain mail (worn)
 A - the +2 cloak of Jiaficra {rElec rPois MP+9 Stlth+, unknown}
   (You found it on level 4 of the Dungeon)

   It insulates you from electricity.
   It protects you from poison.
   It affects your magic capacity (+9).
   It makes you more stealthy.
 B - a +0 animal skin
Scrolls
 g - 3 scrolls of identify {unknown}
 h - a scroll of immolation {unknown}
 k - a scroll of random uselessness {unknown}
 t - 2 scrolls of noise {unknown}
 v - a scroll of teleportation {unknown}
 y - a scroll of remove curse {unknown}
 F - a scroll of blinking {unknown}
Potions
 d - a potion of might
 e - a potion of resistance {unknown}
 i - a potion of flight {unknown}
 j - a potion of heal wounds {unknown}
 r - a potion of brilliance {unknown}
 s - 2 potions of curing {unknown}
 z - a potion of lignification {unknown}
 C - a potion of cancellation {unknown}
 D - 2 potions of agility {unknown}
 E - a potion of magic {unknown}
Books
 x - a book of Changes

   Spells                             Type                      Level
   a - Beastly Appendage              Transmutation                1
   b - Sticks to Snakes               Transmutation                2
   c - Spider Form                    Transmutation/Poison         3
   d - Ice Form                       Ice/Transmutation            4
   e - Blade Hands                    Transmutation                5
Comestibles
 f - 3 bread rations
 G - 2 meat rations
 H - a chunk of flesh


   Skills:
 + Level 4.8 Fighting
 + Level 5.2 Axes
 + Level 5.6 Armour
 + Level 0.4 Dodging
 + Level 0.1 Stealth
 + Level 5.1 Shields


You had 5 spell levels left.
You didn't know any spells.

Dungeon Overview and Level Annotations

Branches:
Dungeon (6/15)
 Temple: D:4-7

Altars:
Cheibriados
Gozag
Kikubaaqudgha
Okawaru
Uskayaw
The Shining One

Shops:
D:4 :

Annotations:
D:4 ConnectionFaild's ghost, amateur OpVM; Menkaure
D:5 Dowan; Duvessa


Innate Abilities, Weirdness & Mutations

You reflexively headbutt those who attack you in melee.
You have a pair of horns on your head.


Message History

You hit the ice beast but do no damage.
The ice beast is severely wounded.
The ice beast hits you but does no damage.
You hit the ice beast.
The ice beast is severely wounded.
The ice beast hits you. The ice beast freezes you. You resist.
The ice beast hits you. The ice beast freezes you. You resist.
You closely miss the ice beast.
The ice beast is severely wounded.
The ice beast hits you but does no damage.
Your chain mail prevents you from hitting the ice beast.
Your headbutt misses the ice beast.
The ice beast is severely wounded.
The ice beast hits you. The ice beast freezes you. You resist.
You closely miss the ice beast.
The ice beast is severely wounded.
The ice beast hits you. The ice beast freezes you. You resist.
The ice beast hits you but does no damage.
The ogre hits you with a giant club!!
You die...

....##..............##
######...........#....
#.....#...#.#.##.
#.....'...#.#.#
#.....#...#.#.#
#.....#...#.#.##+##
#######...#.#.#...#
#######...#.#.#...####
..........O@Y...[.....
######...#.#.......##
+........#.#.......#
###........#.......# #+#
#........#.......# ..#
#..#.....#.......# ..#
#..##....#.......#
.###....#........#.......#
.#......##.#.#+###


You could see an ice beast and an ogre.

Vanquished Creatures
  A sky beast (D:5)
  A scorpion (D:5)
  2 orc wizards
  Robin (D:3)
  3 gnolls (D:3)
  5 adders
  A worm (D:2)
  A dart slug (D:1)
  A leopard gecko (D:2)
  16 orcs
  A ball python (D:1)
  4 giant cockroaches
  14 goblins
  15 hobgoblins
  9 kobolds
  4 quokkas
  A ball python skeleton (D:4)
  7 bats
  7 frilled lizards
  4 rats
98 creatures vanquished.

Notes
Turn   | Place    | Note
-------+----------+-------------------------------------------
     0 | D:1      | equalderp2856 the Minotaur Fighter began the quest for the Orb.
     0 | D:1      | Reached XP level 1. HP: 19/19 MP: 0/0
    79 | D:1      | Reached XP level 2. HP: 18/27 MP: 1/1
   951 | D:1      | Reached XP level 3. HP: 33/33 MP: 2/2
  2157 | D:2      | Reached XP level 4. HP: 40/40 MP: 3/3
  2442 | D:3      | Found a glowing golden altar of the Shining One.
  2442 | D:3      | Found an opulent altar of Gozag.
  2443 | D:3      | Found an ancient bone altar of Kikubaaqudgha.
  2923 | D:3      | Found an iron altar of Okawaru.
  2998 | D:3      | Noticed Robin
  3008 | D:3      | Reached XP level 5. HP: 42/46 MP: 4/4
  3017 | D:3      | Killed Robin
  3087 | D:3      | Reached skill level 5 in Armour
  3257 | D:3      | Found a snail-covered altar of Cheibriados.
  3259 | D:3      | Found a hide-covered altar of Uskayaw.
  3523 | D:4      | Noticed ConnectionFaild's ghost (amateur OpVM)
  3524 | D:4      | Noticed Menkaure
  3621 | D:4      | Got a bloodstained cloak
  3744 | D:4      | Found Xesig's Book Emporium.
  3763 | D:5      | Entered Level 5 of the Dungeon
  3765 | D:5      | Noticed a sky beast
  3775 | D:5      | Killed a sky beast
  3775 | D:5      | Reached skill level 5 in Shields
  3775 | D:5      | Reached XP level 6. HP: 46/53 MP: 5/5
  3810 | D:5      | Reached skill level 5 in Axes
  3905 | D:5      | Noticed Dowan
  3907 | D:5      | Noticed Duvessa
  4397 | D:6      | Noticed an ice beast
  4417 | D:6      | Slain by an ogre

Skill      XL: |  1  2  3  4  5  6 |
---------------+-------------------+-----
Fighting       | 4 |  4.8
Axes           | 3 4 5 |  5.2
Shields        | 4 5 |  5.1
Armour         | 4 5 |  5.6
Dodging        | |  0.4
Stealth        | |  0.1

Action                   |  1- 3 |  4- 6 || total
-------------------------+-------+-------++-------
Melee: War axe           |    96 |   165 ||   261
       Headbutt          |     3 |    27 ||    30
Throw: Stone             |       |    25 ||    25
  Eat: Chunk             |     3 |     8 ||    11
Armor: Scale mail        |    40 |     1 ||    41
       Chain mail        |       |   101 ||   101
Dodge: Dodged            |    25 |    46 ||    71
Block: Shield            |    59 |    97 ||   156
